 Dungeon Crawl Stone Soup version 0.31-a0-876-gfe8ebadbca (webtiles) character file.

Game seed: 2775469818722477348

61 randomguy2701 the Chiller (level 4, -8/34 HPs)
             Began as a Gnoll Wanderer on Oct 13, 2023.
             Killed by divine providence
             ... invoked by an orc priest
              (15 damage)
             ... on level 2 of the Dungeon.
             The game lasted 00:02:37 (1916 turns).

randomguy2701 the Chiller (Gnoll Wanderer)          Turns: 1916, Time: 00:02:38

Health: -8/34      AC:  7    Str: 10    XL:     4   Next: 7%
Magic:  0/8        EV:  9    Int: 17    God:
Gold:   135        SH:  0    Dex:  9    Spells: 7/8 levels left

rFire   . . .        a - +0 club
rCold   + . .        (no shield)
rNeg    . . .        b - +0 scale mail
rPois   .            (no helmet)
rElec   .            (no cloak)
rCorr   .            (no gloves)
SInv    .            (no boots)
Will    .....        e - amulet of guardian spirit Stlth
                     h - ring of protection from cold
HPRegen 0.25/turn    (no ring)
MPRegen 0.11/turn

%: guardian spirit
@: no status effects
A: fangs 1, strong nose, distributed training
a: no special abilities


You were on level 2 of the Dungeon.
You visited 1 branch of the dungeon, and saw 3 of its levels.

You collected 135 gold pieces.

Inventory:

Hand Weapons
 a - a +0 club (weapon)
Armour
 b - a +0 scale mail (worn)
 n - a +0 plate armour
Jewellery
 e - an amulet of guardian spirit (around neck)
 h - a ring of protection from cold (left hand)
Scrolls
 c - a scroll of silence
 d - a scroll of fog
 f - a scroll of revelation {unknown}
 i - 2 scrolls of identify {unknown}
 j - a scroll of torment {unknown}
 p - a scroll of vulnerability {unknown}
 q - a scroll of enchant weapon {unknown}
Potions
 g - a potion of cancellation {unknown}
 k - a potion of enlightenment {unknown}
 l - 2 potions of mutation {unknown}
 m - a potion of heal wounds {unknown}
 o - a potion of curing {unknown}


   Skills:
 + Level 2.7 Fighting
 + Level 1.0 Short Blades
 + Level 1.0 Long Blades
 + Level 1.0 Axes
 + Level 1.0 Maces & Flails
 + Level 1.0 Polearms
 + Level 1.0 Staves
 + Level 1.0 Ranged Weapons
 + Level 1.0 Throwing
 + Level 4.6 Armour
 + Level 2.7 Dodging
 + Level 1.0 Stealth
 + Level 1.0 Shields
 + Level 1.0 Unarmed Combat
 + Level 2.9 Spellcasting
 + Level 0.8 Conjurations
 + Level 0.8 Hexes
 + Level 0.8 Summonings
 + Level 0.8 Necromancy
 + Level 0.8 Translocations
 + Level 0.8 Transmutations
 + Level 0.8 Fire Magic
 + Level 5.4 Ice Magic
 + Level 0.8 Air Magic
 + Level 0.8 Earth Magic
 + Level 0.8 Poison Magic
 + Level 2.8 Invocations
 + Level 2.7 Evocations
 + Level 1.0 Shapeshifting


You had 7 spell levels left.
You knew the following spells:

 Your Spells              Type           Power      Damage    Failure   Level
a - Freeze                Ice            84%        1d9       11%         1

Your spell library contained the following spells:

 Spells                   Type           Power      Damage    Failure   Level
 Frozen Ramparts          Ice            42%        1d7       32%         3
 Ozocubu's Armour         Ice            21%        N/A       32%         3
 Ensorcelled Hibernation  Hex/Ice        26%        N/A       41%         2
 Apportation              Tloc           10%        N/A       58%         1
 Foxfire                  Conj/Fire      20%        2x1d5     58%         1
 Cigotuvi's Dreadful Rot  Necr/Pois/Air  10%        N/A       75%         2
 Jinxbite                 Hex            10%        N/A       75%         2
 Ignite Poison            Fire/Tmut/Pois 5%         N/A       92%         3
 Alistair's Intoxication  Tmut/Pois      3%         N/A       100%        5
 Freezing Cloud           Conj/Ice/Air   5%         6-21      100%        5
 Metabolic Englaciation   Hex/Ice        6%         N/A       100%        5
 Plasma Beam              Fire/Air       2%         2x1d12    100%        6
 Simulacrum               Ice/Necr       6%         N/A       100%        6
 Starburst                Conj/Fire      2%         6d3       100%        6


Dungeon Overview and Level Annotations

Branches:
Dungeon (3/15)

Altars:


Innate Abilities, Weirdness & Mutations

You have very sharp teeth.
Your uncanny sense of smell can sniff out nearby items.
Your experience applies equally to all skills.


Message History

Beogh smites you!
The orc priest invokes the aid of Beogh against you.
Beogh smites you!
There is a stone staircase leading up here.
You climb upwards.
There is a stone staircase leading down here.
Magic restored.
HP restored.
Done exploring.
Done exploring.
Done exploring.
You climb downwards.
The gnoll hits you from afar with a +0 spear.
The orc priest mumbles some strange prayers to Beogh against you.
Pain shoots through your body! The gnoll barely misses you.
There is a stone staircase leading up here.
The orc priest hits you but does no damage.
The gnoll hits you but does no damage.
You climb upwards.
There is a stone staircase leading down here.
You freeze the orc priest.
The orc priest is moderately wounded.
The orc priest hits you but does no damage.
You freeze the orc priest.
The orc priest is heavily wounded.
The orc priest mumbles some strange prayers to Beogh against you.
Beogh smites you!
* * * LOW HITPOINT WARNING * * *
You are too injured to fight recklessly!
You are too injured to fight recklessly!
Casting: Freeze (safe; 11% risk of failure)
Confirm with . or Enter, or press ? or * to list all spells.
Aiming: Freeze (safe; 11% risk of failure)
Press: ? - help, Shift-Dir - straight line, f/p - orc priest
Aim: an orc priest, wielding a +0 short sword and wearing a +0 chain mail (heavily wounded)
You freeze the orc priest!
The orc priest is almost dead.
The orc priest mumbles some strange prayers to Beogh against you.
Beogh smites you!
You die...

### #.. #.#
##################.#
#...................
#..@.............#.#
#..o.#########.....[
#....# #...###
#....# ##......
#..|.# #....##.
#....# #.##....
#....# #.......
#....# #.......
#"...# ##.......


You could see an orc priest.

Vanquished Creatures
  An adder (D:2)
  A worm (D:2)
  2 dart slugs (D:1)
  An orc (D:3)
  3 endoplasms
  2 giant cockroaches
  4 goblins
  2 hobgoblins (D:2)
  3 jackals (D:1)
  3 kobolds (D:1)
  A quokka (D:2)
  8 ball pythons
  5 bats
  2 frilled lizards
  4 rats
42 creatures vanquished.

Notes
Turn   | Place    | Note
-------+----------+-------------------------------------------
     0 | D:1      | randomguy2701 the Gnoll Wanderer began the quest for the
                  | Orb.
     0 | D:1      | randomguy2701 set off with the following items: a +0 club,
                  | a +0 scale mail, a scroll of silence, a scroll of fog; and
                  | the following spell memorised: Freeze; and the following
                  | spells available to memorise: Frozen Ramparts, Ensorcelled
                  | Hibernation.
     0 | D:1      | Reached XP level 1. HP: 17/17 MP: 4/4
   241 | D:1      | Reached XP level 2. HP: 23/23 MP: 2/5
   604 | D:1      | Reached XP level 3. HP: 28/28 MP: 4/7
  1243 | D:2      | Reached skill level 1 in Short Blades
  1243 | D:2      | Reached skill level 1 in Long Blades
  1243 | D:2      | Reached skill level 1 in Axes
  1243 | D:2      | Reached skill level 1 in Maces & Flails
  1243 | D:2      | Reached skill level 1 in Polearms
  1243 | D:2      | Reached skill level 1 in Staves
  1243 | D:2      | Reached skill level 1 in Ranged Weapons
  1243 | D:2      | Reached skill level 1 in Throwing
  1243 | D:2      | Reached skill level 1 in Stealth
  1243 | D:2      | Reached skill level 1 in Shields
  1243 | D:2      | Reached skill level 1 in Unarmed Combat
  1548 | D:2      | Reached XP level 4. HP: 34/34 MP: 6/8
  1803 | D:3      | Reached skill level 1 in Shapeshifting
  1916 | D:2      | Killed from afar by an orc priest

Illustrated notes

Levels and vault maps discovered:
D:1:      ncdulo_lavacross, layout_loops_ring
D:2:      layout_basic
D:3:      layout_basic, overflow_temple_1_default, uniq_grinder

Skill      XL: |  1  2  3  4 |
---------------+-------------+-----
Short Blades   | 1 |  1.0
Long Blades    | 1 |  1.0
Axes           | 1 |  1.0
Maces & Flails | 1 |  1.0
Polearms       | 1 |  1.0
Staves         | 1 |  1.0
Ranged Weapons | 1 |  1.0
Throwing       | 1 |  1.0
Stealth        | 1 |  1.0
Shields        | 1 |  1.0
Unarmed Combat | 1 |  1.0
Shapeshifting  | 1 |  1.0
Fighting       | |  2.7
Armour         | |  4.6
Dodging        | |  2.7
Spellcasting   | |  2.9
Conjurations   | |  0.8
Hexes          | |  0.8
Summonings     | |  0.8
Necromancy     | |  0.8
Translocations | |  0.8
Transmutations | |  0.8
Fire Magic     | |  0.8
Ice Magic      | |  5.4
Air Magic      | |  0.8
Earth Magic    | |  0.8
Poison Magic   | |  0.8
Invocations    | |  2.8
Evocations     | |  2.7

Action                     |  1- 3 |  4- 6 || total
---------------------------+-------+-------++-------
  Melee: Club              |    41 |     4 ||    45
         Bite              |     3 |       ||     3
   Cast: Freeze            |    49 |     6 ||    55
 Armour: Scale mail        |    50 |    12 ||    62
  Dodge: Dodged            |    47 |    12 ||    59

Table legend: (Time is in decaauts)
 A = Elapsed time spent in this place.
 B = Non-inter-level travel time spent in this place.
 C = Inter-level travel time spent in this place.
 D = Time resting spent in this place.
 E = Time spent auto-exploring this place.
 F = Levels seen in this place.
 G = Mean time per level.
                   A        B        C        D        E       F      G
               +--------+--------+--------+--------+--------+-----+--------+
         Total |   1929 |   1862 |     67 |      0 |   1584 |   3 |  643.0 |
       Dungeon |   1929 |   1862 |     67 |      0 |   1584 |   3 |  643.0 |
               +--------+--------+--------+--------+--------+-----+--------+

Top non-repeatable levels by time:
     D:1: 998 daAuts
     D:2: 917 daAuts
     D:3: 14 daAuts
